| TOP OF THE 1ST |
|
Vanderbilt University Commodores batting - Pitching for Stanford University Cardinal : RHP Juvas Tanuja
|
|
Pitching: RHP Juvas Tanuja
|
|
|
Batting: LHB Nate Greening
|
0-0: Foul Ball, location: 2F 0-1: Foul Ball, location: 2F 0-2: SINGLE (Groundball, 13S, EV 65.6 MPH) (infield hit)
|
|
Batting: RHB Alex Diaz
|
0-0: Ball Nate Greening is caught stealing 2nd base 2-4 1-0: Called Strike 1-1: Foul Ball, location: 2F 1-2: SOLO HOME RUN (Flyball, 78XD, EV 89.4 MPH) (Inside the Park)
|
|
Batting: RHB Luis Jara
|
0-0: Called Strike 0-1: Called Strike 0-2: Foul Ball, location: 2F 0-2: SINGLE (Groundball, 6MD, EV 97.5 MPH)
|
|
Batting: LHB Pete Mitchell
|
0-0: Ball 1-0: Foul Ball, location: 2F 1-1: Foul Ball, location: 2F 1-2: Ball 2-2: Strikes out looking
|
|
Batting: LHB Jose Diaz
|
0-0: Fly out, F8 (Flyball, 8RD, EV 94.4 MPH)
|
| Top of the 1st over - 1 run, 3 hits, 0 errors, 1 left on base; Vanderbilt University 1 - Stanford University 0 |
| BOTTOM OF THE 1ST |
|
Stanford University Cardinal batting - Pitching for Vanderbilt University Commodores : RHP Hector Agudelo
|
|
Pitching: RHP Hector Agudelo
|
|
|
Batting: RHB Troy Bush
|
0-0: Called Strike 0-1: Ball 1-1: Foul Ball, location: 2F 1-2: Foul Ball, location: 2F 1-2: Foul Ball, location: 2F 1-2: Ball 2-2: Ground out 6-3 (Groundball, 6MD, EV 85.0 MPH)
|
|
Batting: RHB Joe Gabriel
|
0-0: Ball 1-0: Ball 2-0: Fly out, F8 (Line Drive, 8LM, EV 95.0 MPH)
|
|
Batting: RHB Guillermo Puente
|
0-0: Ball 1-0: Ball 2-0: SINGLE (Groundball, 6S, EV 66.2 MPH) (infield hit)
|
|
Batting: RHB Trent Spivey
|
0-0: Ball 1-0: Ball 2-0: Fielders Choice at 2nd, 5-4 (Groundball, 56, EV 85.6 MPH)
|
| Bottom of the 1st over - 0 runs, 1 hit, 0 errors, 1 left on base; Vanderbilt University 1 - Stanford University 0 |
| TOP OF THE 2ND |
|
Vanderbilt University Commodores batting - Pitching for Stanford University Cardinal : RHP Juvas Tanuja
|
|
Batting: RHB Gary Smith
|
0-0: Ball 1-0: Ball 2-0: Foul Ball, location: 2F 2-1: Ball 3-1: Called Strike 3-2: Fly out, F9 (Flyball, 9S, EV 85.0 MPH)
|
|
Batting: LHB Raul Aldaz
|
0-0: Foul Ball, location: 2F 0-1: Foul Ball, location: 2F 0-2: Ball 1-2: Fly out, F8 (Flyball, 8RD, EV 98.8 MPH)
|
|
Batting: SHB Felipe Campanella
|
0-0: Called Strike 0-1: Ball 1-1: Ball 2-1: SINGLE (Line Drive, 34D, EV 96.2 MPH)
|
|
Batting: RHB Harry Torres
|
0-0: Called Strike 0-1: Ball 1-1: Ball 2-1: Ball 3-1: Foul Ball, location: 2F 3-2: Foul Ball, location: 2F 3-2: Reached on error, E2 (Groundball, 13S, EV 70.6 MPH) Felipe Campanella to second
|
|
Batting: LHB Nate Greening
|
0-0: Ball 1-0: Foul Ball, location: 2F 1-1: Ball 2-1: SINGLE (Groundball, 3D, EV 106.9 MPH) Felipe Campanella to third Harry Torres to second Runner from 3rd tries for Home, throw by RF and OUT! 9-2
|
| Top of the 2nd over - 0 runs, 2 hits, 1 error, 2 left on base; Vanderbilt University 1 - Stanford University 0 |
| BOTTOM OF THE 2ND |
|
Stanford University Cardinal batting - Pitching for Vanderbilt University Commodores : RHP Hector Agudelo
|
|
Batting: SHB Danny Gallegos
|
0-0: Swinging Strike 0-1: Ball 1-1: Ball 2-1: Swinging Strike 2-2: Foul Ball, location: 2F 2-2: Ground out 4-3 (Groundball, 4, EV 85.6 MPH)
|
|
Batting: LHB Chien Sam
|
0-0: Foul Ball, location: 2F 0-1: Ball 1-1: Foul Ball, location: 2F 1-2: Foul Ball, location: 2F 1-2: Foul Ball, location: 2F 1-2: Ball 2-2: Fly out, F8 (Flyball, 78D, EV 106.2 MPH)
|
|
Batting: LHB Terry Bayer
|
0-0: Ball 1-0: Ball 2-0: Ground out 1-3 (Groundball, 34S, EV 72.5 MPH)
|
| Bottom of the 2nd over - 0 runs, 0 hits, 0 errors, 0 left on base; Vanderbilt University 1 - Stanford University 0 |
| TOP OF THE 3RD |
|
Vanderbilt University Commodores batting - Pitching for Stanford University Cardinal : RHP Juvas Tanuja
|
|
Batting: RHB Alex Diaz
|
0-0: Swinging Strike 0-1: Ball 1-1: Foul Ball, location: 2F 1-2: SINGLE (Line Drive, 8LS, EV 91.9 MPH)
|
|
Batting: RHB Luis Jara
|
0-0: Called Strike 0-1: DOUBLE (Line Drive, 9LM, EV 91.9 MPH) Alex Diaz to third Runner from 3rd tries for Home, SAFE, throw by RF to home
|
|
Batting: LHB Pete Mitchell
|
0-0: Foul Ball, location: 2F 0-1: Ground out 4-3 (Groundball, 4S, EV 73.8 MPH) Luis Jara to third
|
|
Batting: LHB Jose Diaz
|
0-0: SINGLE (Line Drive, 89S, EV 106.2 MPH) Luis Jara scores
|
|
Batting: RHB Gary Smith
|
0-0: Ball 1-0: Ball 2-0: Ball 3-0: Called Strike 3-1: Ground out 6-3 (Groundball, 6MD, EV 97.5 MPH) Jose Diaz to second
|
|
Batting: LHB Raul Aldaz
|
0-0: Ball 1-0: Called Strike 1-1: SINGLE (Groundball, 34D, EV 106.9 MPH) Jose Diaz to third Runner from 3rd tries for Home, SAFE, throw by RF to home
|
|
Batting: SHB Felipe Campanella
|
0-0: SINGLE (Line Drive, 34D, EV 98.8 MPH) Raul Aldaz to second Runner from 2nd tries for 3rd, SAFE, no throw by RF
|
|
Batting: RHB Harry Torres
|
0-0: Ball 1-0: Ball 2-0: Ball 3-0: Called Strike 3-1: Base on Balls Felipe Campanella to second
|
|
Batting: LHB Nate Greening
|
0-0: Ball 1-0: Called Strike 1-1: Ball 2-1: Ball 3-1: Base on Balls Raul Aldaz scores Felipe Campanella to third Harry Torres to second
|
|
Pitching: LHP Chris Hoebing
|
|
|
Batting: RHB Alex Diaz
|
0-0: Ball 1-0: Ball 2-0: Foul Ball, location: 2F 2-1: Foul Ball, location: 2F 2-2: Ball 3-2: Base on Balls Felipe Campanella scores Harry Torres to third Nate Greening to second
|
|
Batting: RHB Luis Jara
|
0-0: Called Strike 0-1: Swinging Strike 0-2: Strikes out swinging
|
| Top of the 3rd over - 5 runs, 5 hits, 0 errors, 3 left on base; Vanderbilt University 6 - Stanford University 0 |
| BOTTOM OF THE 3RD |
|
Stanford University Cardinal batting - Pitching for Vanderbilt University Commodores : RHP Hector Agudelo
|
|
Batting: RHB Jose Garduno
|
0-0: Ball 1-0: Foul Ball, location: 2F 1-1: Swinging Strike 1-2: Ground out 4-3 (Groundball, 4, EV 80.6 MPH)
|
|
Batting: RHB Soichi Kaneshiro
|
0-0: Called Strike 0-1: Ball 1-1: Foul Ball, location: 2F 1-2: Foul Ball, location: 2F 1-2: Ball 2-2: Foul Ball, location: 2F 2-2: Foul Ball, location: 2F 2-2: Foul Ball, location: 2F 2-2: Ball 3-2: Base on Balls
|
|
Batting: RHB Troy Bush
|
0-0: Ball Wild Pitch! Soichi Kaneshiro to second 1-0: Ground out 5-3 (Groundball, 56, EV 108.1 MPH)
|
|
Batting: RHB Joe Gabriel
|
0-0: Foul Ball, location: 2F 0-1: Ball 1-1: Ball 2-1: SINGLE (Groundball, 25, EV 66.2 MPH) (infield hit) Soichi Kaneshiro to third
|
|
Batting: RHB Guillermo Puente
|
0-0: Ball 1-0: Ball 2-0: Ball 3-0: Base on Balls Joe Gabriel to second
|
|
Batting: RHB Trent Spivey
|
0-0: Called Strike 0-1: Foul Ball, location: 2F 0-2: Ball 1-2: Fly out, F7 (Flyball, 7, EV 90.6 MPH)
|
| Bottom of the 3rd over - 0 runs, 1 hit, 0 errors, 3 left on base; Vanderbilt University 6 - Stanford University 0 |
| TOP OF THE 4TH |
|
Vanderbilt University Commodores batting - Pitching for Stanford University Cardinal : LHP Chris Hoebing
|
|
Batting: LHB Pete Mitchell
|
0-0: Ball 1-0: Ground out 6-3 (Groundball, 6, EV 101.9 MPH)
|
|
Batting: LHB Jose Diaz
|
0-0: Ball 1-0: Called Strike 1-1: Ball 2-1: Foul Ball, location: 2F 2-2: Foul Ball, location: 2F 2-2: Ball 3-2: Ground out 4-3 (Groundball, 4, EV 105.0 MPH)
|
|
Batting: RHB Gary Smith
|
0-0: Ball 1-0: Ball 2-0: Foul Ball, location: 2F 2-1: Ball 3-1: Base on Balls
|
|
Batting: LHB Raul Aldaz
|
0-0: Ball 1-0: Ball 2-0: Ball 3-0: Called Strike 3-1: Called Strike 3-2: Ground out 6-3 (Groundball, 6, EV 95.6 MPH)
|
| Top of the 4th over - 0 runs, 0 hits, 0 errors, 1 left on base; Vanderbilt University 6 - Stanford University 0 |
| BOTTOM OF THE 4TH |
|
Stanford University Cardinal batting - Pitching for Vanderbilt University Commodores : RHP Hector Agudelo
|
|
Batting: SHB Danny Gallegos
|
0-0: Fly out, F8 (Flyball, 8RD, EV 99.4 MPH)
|
|
Batting: LHB Chien Sam
|
0-0: Ball 1-0: Foul Ball, location: 2F 1-1: Foul Ball, location: 2F 1-2: Foul Ball, location: 2F 1-2: Ball 2-2: Ball 3-2: Fly out, F9 (Flyball, 89M, EV 91.9 MPH)
|
|
Batting: LHB Terry Bayer
|
0-0: Ball 1-0: Ground out U3 (Groundball, 3, EV 100.6 MPH)
|
| Bottom of the 4th over - 0 runs, 0 hits, 0 errors, 0 left on base; Vanderbilt University 6 - Stanford University 0 |
| TOP OF THE 5TH |
|
Vanderbilt University Commodores batting - Pitching for Stanford University Cardinal : LHP Chris Hoebing
|
|
Batting: SHB Felipe Campanella
|
0-0: Swinging Strike 0-1: Ball 1-1: Foul Ball, location: 2F 1-2: Foul Ball, location: 2F 1-2: Foul Ball, location: 2F 1-2: Strikes out swinging
|
|
Batting: RHB Harry Torres
|
0-0: Foul Ball, location: 2F 0-1: Ball 1-1: Ball 2-1: Foul Ball, location: 2F 2-2: Foul Ball, location: 2F 2-2: Strikes out looking
|
|
Batting: LHB Nate Greening
|
0-0: Foul Ball, location: 2F 0-1: Ball 1-1: Foul Ball, location: 2F 1-2: Ground out 4-3 (Groundball, 4, EV 81.9 MPH)
|
| Top of the 5th over - 0 runs, 0 hits, 0 errors, 0 left on base; Vanderbilt University 6 - Stanford University 0 |
| BOTTOM OF THE 5TH |
|
Stanford University Cardinal batting - Pitching for Vanderbilt University Commodores : RHP Hector Agudelo
|
|
Batting: RHB Jose Garduno
|
0-0: SINGLE (Flyball, 3D, EV 86.9 MPH)
|
|
Batting: RHB Soichi Kaneshiro
|
0-0: Fly out, F8 (Line Drive, 8LM, EV 99.4 MPH)
|
|
Batting: RHB Troy Bush
|
0-0: Foul Ball, location: 2F 0-1: Ball 1-1: Swinging Strike 1-2: SINGLE (Line Drive, 78S, EV 98.8 MPH) Jose Garduno to second
|
|
Batting: RHB Joe Gabriel
|
0-0: Ball 1-0: Ball 2-0: Called Strike 2-1: Grounds into double play, 6-4-3 (Groundball, 6, EV 111.2 MPH)
|
| Bottom of the 5th over - 0 runs, 2 hits, 0 errors, 1 left on base; Vanderbilt University 6 - Stanford University 0 |
| TOP OF THE 6TH |
|
Vanderbilt University Commodores batting - Pitching for Stanford University Cardinal : LHP Chris Hoebing
|
|
Pitching: RHP Eddie Georges
|
|
|
Batting: RHB Alex Diaz
|
0-0: SINGLE (Groundball, 56S, EV 71.9 MPH) (infield hit)
|
|
Pitching: RHP Steven Townsend
|
|
|
Batting: RHB Luis Jara
|
0-0: Ball 1-0: Ball 2-0: Ball 3-0: Base on Balls Alex Diaz to second
|
|
Batting: LHB Pete Mitchell
|
0-0: Fly out, F8 (Flyball, 8RM, EV 84.4 MPH)
|
|
Batting: LHB Jose Diaz
|
0-0: Called Strike 0-1: Ball 1-1: Ball 2-1: Fly out, F9 (Line Drive, 9S, EV 90.6 MPH)
|
|
Batting: RHB Gary Smith
|
0-0: Ball 1-0: Ball 2-0: SINGLE (Line Drive, 6MD, EV 97.5 MPH) Alex Diaz to third Luis Jara to second Runner from 3rd tries for Home, SAFE, throw by CF to home
|
|
Batting: LHB Raul Aldaz
|
0-0: Ball 1-0: Ground out U3 (Groundball, 34, EV 91.2 MPH)
|
| Top of the 6th over - 1 run, 2 hits, 0 errors, 2 left on base; Vanderbilt University 7 - Stanford University 0 |
| BOTTOM OF THE 6TH |
|
Stanford University Cardinal batting - Pitching for Vanderbilt University Commodores : RHP Hector Agudelo
|
|
Pitching: LHP Zach Harris
|
|
|
Batting: RHB Guillermo Puente
|
0-0: Called Strike 0-1: Foul Ball, location: 2F 0-2: Ball 1-2: Foul Ball, location: 2F 1-2: Ball 2-2: Fly out, F7 (Line Drive, 78M, EV 90.6 MPH)
|
|
Batting: RHB Trent Spivey
|
0-0: Ball 1-0: Called Strike 1-1: Swinging Strike 1-2: Ball 2-2: Foul Ball, location: 2F 2-2: Foul Ball, location: 2F 2-2: Ball 3-2: Foul Ball, location: 2F 3-2: Base on Balls
|
|
Batting: SHB Danny Gallegos
|
0-0: Called Strike 0-1: Swinging Strike 0-2: Ball 1-2: Fly out, F6 (Line Drive, 6, EV 63.8 MPH)
|
|
Batting: LHB Chien Sam
|
0-0: Foul Ball, location: 2F 0-1: Reached on error, E6 (Groundball, P, EV 86.2 MPH) Trent Spivey to second
|
|
Batting: LHB Terry Bayer
|
0-0: Foul Ball, location: 2F 0-1: Ball 1-1: Ball 2-1: Called Strike 2-2: Ball 3-2: Foul Ball, location: 2F 3-2: Foul Ball, location: 2F 3-2: Foul Ball, location: 2F 3-2: Ground out 4-3 (Groundball, 4, EV 88.1 MPH)
|
| Bottom of the 6th over - 0 runs, 0 hits, 1 error, 2 left on base; Vanderbilt University 7 - Stanford University 0 |
| TOP OF THE 7TH |
|
Vanderbilt University Commodores batting - Pitching for Stanford University Cardinal : RHP Steven Townsend
|
|
Batting: SHB Felipe Campanella
|
0-0: Ball 1-0: Called Strike 1-1: Ball 2-1: Ball 3-1: Called Strike 3-2: Foul Ball, location: 2F 3-2: Foul Ball, location: 2F 3-2: Ground out 6-3 (Groundball, 6MS, EV 65.6 MPH)
|
|
Batting: RHB Harry Torres
|
0-0: Ball 1-0: Swinging Strike 1-1: Fly out, F8 (Flyball, 8RD, EV 84.4 MPH)
|
|
Batting: LHB Nate Greening
|
0-0: Called Strike 0-1: Ball 1-1: Ground out 4-3 (Groundball, 4, EV 86.9 MPH)
|
| Top of the 7th over - 0 runs, 0 hits, 0 errors, 0 left on base; Vanderbilt University 7 - Stanford University 0 |
| BOTTOM OF THE 7TH |
|
Stanford University Cardinal batting - Pitching for Vanderbilt University Commodores : LHP Zach Harris
|
|
Batting: RHB Jose Garduno
|
0-0: Called Strike 0-1: Foul Ball, location: 2F 0-2: Foul Ball, location: 2F 0-2: Ball 1-2: Ground out 4-3 (Groundball, 34D, EV 105.6 MPH)
|
|
Pitching: RHP Alex de la Cruz
|
|
|
Pinch Hitting: LHB Ryan Rogers
|
0-0: Foul Ball, location: 2F 0-1: Ball 1-1: Ball 2-1: Swinging Strike 2-2: Ground out 4-3 (Groundball, 4S, EV 73.8 MPH)
|
|
Batting: RHB Troy Bush
|
0-0: Ball 1-0: Foul Ball, location: 2F 1-1: Ground out 5-3 (Groundball, 5D, EV 86.2 MPH)
|
| Bottom of the 7th over - 0 runs, 0 hits, 0 errors, 0 left on base; Vanderbilt University 7 - Stanford University 0 |
| TOP OF THE 8TH |
|
Vanderbilt University Commodores batting - Pitching for Stanford University Cardinal : RHP Steven Townsend
|
|
Pitching: RHP Kyle Cannon
|
|
|
Now in RF: Ryan Rogers
|
|
|
Batting: RHB Alex Diaz
|
0-0: Swinging Strike 0-1: Ball 1-1: Foul Ball, location: 2F 1-2: Foul Ball, location: 2F 1-2: Strikes out looking
|
|
Batting: RHB Luis Jara
|
0-0: Ball 1-0: Ball 2-0: Ball 3-0: Base on Balls
|
|
Pinch Hitting: RHB Martin Darrington
|
0-0: Called Strike 0-1: Ball 1-1: Ball 2-1: Foul Ball, location: 2F 2-2: Fielders Choice at 2nd, 5-4 (Groundball, 56, EV 106.9 MPH)
|
|
Batting: LHB Jose Diaz
|
0-0: Swinging Strike 0-1: Foul Ball, location: 2F 0-2: Ball 1-2: Foul Ball, location: 2F 1-2: Ball 2-2: Ball 3-2: DOUBLE (Line Drive, 5D, EV 100.0 MPH) Martin Darrington to third Martin Darrington scores
|
|
Batting: RHB Gary Smith
|
0-0: Ball 1-0: Ball 2-0: DOUBLE (Line Drive, 9LM, EV 93.1 MPH) Jose Diaz scores
|
|
Pitching: LHP Larry Steen
|
|
|
Batting: LHB Raul Aldaz
|
0-0: Foul Ball, location: 2F 0-1: Swinging Strike 0-2: Ball 1-2: Ball 2-2: Foul Ball, location: 2F 2-2: Ball 3-2: Strikes out swinging
|
| Top of the 8th over - 2 runs, 2 hits, 0 errors, 1 left on base; Vanderbilt University 9 - Stanford University 0 |
| BOTTOM OF THE 8TH |
|
Stanford University Cardinal batting - Pitching for Vanderbilt University Commodores : RHP Alex de la Cruz
|
|
Now in RF: Martin Darrington
|
|
|
Batting: RHB Joe Gabriel
|
0-0: Ball 1-0: Ball 2-0: Ground out 3-1 (Groundball, 34, EV 80.0 MPH)
|
|
Batting: RHB Guillermo Puente
|
0-0: Ball 1-0: Called Strike 1-1: Swinging Strike 1-2: Fly out, F8 (Flyball, 8RD, EV 88.8 MPH)
|
|
Pinch Hitting: LHB Bryan Davidson
|
0-0: Called Strike 0-1: Ball 1-1: Ball 2-1: Foul Ball, location: 2F 2-2: Ball 3-2: Fly out, F8 (Flyball, 8LD, EV 86.2 MPH)
|
| Bottom of the 8th over - 0 runs, 0 hits, 0 errors, 0 left on base; Vanderbilt University 9 - Stanford University 0 |
| TOP OF THE 9TH |
|
Vanderbilt University Commodores batting - Pitching for Stanford University Cardinal : LHP Larry Steen
|
|
Now at 3B: Willie Carmona
|
|
|
Pinch Hitting: RHB Pakiana Kileona
|
0-0: Foul Ball, location: 2F 0-1: Called Strike 0-2: Ball 1-2: Ball 2-2: Ball 3-2: Foul Ball, location: 2F 3-2: Ground out 6-3 (Groundball, 56, EV 101.9 MPH)
|
|
Pinch Hitting: RHB Rafael Ventura
|
0-0: Ground out 5-3 (Groundball, 5S, EV 85.6 MPH)
|
|
Batting: LHB Nate Greening
|
0-0: Ball 1-0: Ball 2-0: Ball 3-0: Base on Balls
|
|
Pitching: LHP Joe Alverson
|
|
|
Batting: RHB Alex Diaz
|
0-0: Fielders Choice at 2nd, 6-4 (Groundball, 6, EV 85.0 MPH)
|
| Top of the 9th over - 0 runs, 0 hits, 0 errors, 1 left on base; Vanderbilt University 9 - Stanford University 0 |
| BOTTOM OF THE 9TH |
|
Stanford University Cardinal batting - Pitching for Vanderbilt University Commodores : RHP Alex de la Cruz
|
|
Now at C: Pakiana Kileona
|
|
|
Now at 3B: Rafael Ventura
|
|
|
Pinch Hitting: RHB Kazumi Inouye
|
0-0: Fly out, F8 (Line Drive, 8RM, EV 84.4 MPH)
|
|
Batting: LHB Chien Sam
|
0-0: Foul Ball, location: 2F 0-1: Ball 1-1: Ball 2-1: Swinging Strike 2-2: Strikes out swinging
|
|
Batting: LHB Terry Bayer
|
0-0: Called Strike 0-1: SINGLE (Groundball, 4MS, EV 66.9 MPH) (infield hit)
|
|
Batting: RHB Jose Garduno
|
0-0: Ball 1-0: Foul Ball, location: 2F 1-1: Ball 2-1: Foul Ball, location: 2F 2-2: Ball 3-2: Base on Balls Terry Bayer to second
|
|
Batting: LHB Ryan Rogers
|
0-0: SINGLE (Groundball, 3S, EV 68.8 MPH) (infield hit) Terry Bayer to third Jose Garduno to second
|
|
Pitching: LHP Kyle McGuire
|
|
|
Batting: RHB Troy Bush
|
0-0: Foul Ball, location: 2F 0-1: Called Strike 0-2: Ball 1-2: Ball 2-2: Ball 3-2: Foul Ball, location: 2F 3-2: SINGLE (Groundball, 56D, EV 95.0 MPH) Terry Bayer scores Jose Garduno to third Ryan Rogers to second Jose Garduno scores Ryan Rogers to third
|
|
Batting: RHB Joe Gabriel
|
0-0: Ball 1-0: Foul Ball, location: 2F 1-1: Swinging Strike 1-2: Strikes out swinging
|
| Bottom of the 9th over - 2 runs, 3 hits, 0 errors, 2 left on base; Vanderbilt University 9 - Stanford University 2 |
|